 Dungeon Crawl Stone Soup version 0.29.0-4-gdea44cf6ec (webtiles) character file.

Game seed: 7698779818049762707

4277 Arcadio the Skirmisher (level 10, -1/57 HPs)
             Began as a Spriggan Hunter on Aug 27, 2022.
             Was a Priest of Nemelex Xobeh.
             Slain by Erica
             ... wielding a +3 scimitar of flaming
              (9 damage)
             ... on level 8 of the Dungeon.
             The game lasted 00:40:37 (11848 turns).

Arcadio the Skirmisher (Spriggan Hunter)           Turns: 11848, Time: 00:40:38

Health: -1/57      AC:  5    Str:  7    XL:     10   Next: 10%
Magic:  11/11      EV: 26    Int: 12    God:    Nemelex Xobeh [***...]
Gold:   345        SH:  0    Dex: 22    Spells: 6/9 levels left

rFire   . . .      SeeInvis +   b - +3 mace (freeze)
rCold   . . .      Faith    +   (no shield)
rNeg    . . .      Spirit   .   c - +0 robe
rPois   .          Reflect  .   G - +2 hat
rElec   .          Harm     .   I - +0 cloak
rCorr   .          Rampage  .   (gloves unavailable)
Will    +....                   (boots unavailable)
Stlth   ++........              d - amulet of faith
HPRegen 0.19/turn               C - +4 ring of evasion
MPRegen 0.12/turn               (no ring)

@: very quick
A: very small, no large weapons, unfitting armour, see invisible, speed 3
a: Renounce Religion, Draw Escape, Draw Destruction, Draw Summoning, Triple Draw


You were on level 8 of the Dungeon.
You worshipped Nemelex Xobeh.
Nemelex Xobeh was most pleased with you.
You visited 2 branches of the dungeon, and saw 9 of its levels.

You collected 450 gold pieces.
You spent 105 gold pieces at shops.

Inventory:

Hand Weapons
 a - a +0 shortbow
 b - a +3 mace of freezing (weapon)
 m - a +1 flail of protection
 o - a +0 rapier
 u - a +1 dagger of venom
 A - the +9 hand axe of the Fool {freeze, Contam rPois rF+ Dex+7}
   (You found it on level 6 of the Dungeon)

   It freezes those it strikes, dealing additional cold damage.
   It can also slow down cold-blooded creatures.
   Dex:       It affects your dexterity (+7).
   rF:        It protects you from fire.
   rPois:     It protects you from poison.
   Contam:    It causes magical contamination when unequipped.
 B - a +4 quarterstaff of chaos
 F - a +5 trident
 H - a +4 dagger
 J - a +4 dagger of chaos
Armour
 c - a +0 robe (worn)
 G - a +2 hat (worn)
 I - a +0 cloak (worn)
Magical Staves
 g - a staff of poison
Jewellery
 d - an amulet of faith (around neck)
 C - a +4 ring of evasion (left hand)
Wands
 k - a wand of flame (18)
 n - a wand of mindburst (27)
 D - a wand of paralysis (13)
 E - a wand of roots (7)
Scrolls
 e - 4 scrolls of immolation
 h - 2 scrolls of enchant armour {unknown}
 v - a scroll of amnesia
 w - 3 scrolls of enchant weapon {unknown}
 x - a scroll of brand weapon {unknown}
 y - 2 scrolls of blinking
 z - a scroll of butterflies
Potions
 f - a potion of attraction
 i - 2 potions of flight
 j - a potion of ambrosia
 l - 2 potions of might
 p - 2 potions of resistance
 q - a potion of lignification
 r - a potion of berserk rage
 s - a potion of magic
 t - a potion of haste {unknown}


   Skills:
 + Level 8.5 Fighting
 + Level 10.8 Ranged Weapons
 + Level 6.1 Dodging
 - Level 1.5 Stealth


You had 6 spell levels left.
You knew the following spells:

 Your Spells              Type           Power      Damage    Failure   Level
a - Ozocubu's Armour      Ice            0%         N/A       69%         3

Your spell library contained the following spells:

 Spells                   Type           Power      Damage    Failure   Level
 Static Discharge         Conj/Air       0%         3-3/arc   45%         2
 Animate Dead             Necr           0%         N/A       97%         4
 Dispel Undead            Necr           0%         3d6       97%         4
 Sticky Flame             Conj/Fire      0%         2d3       97%         4
 Metabolic Englaciation   Hex/Ice        0%         N/A       100%        5
 Simulacrum               Ice/Necr       0%         N/A       100%        6
 Haunt                    Necr/Summ      0%         N/A       100%        7
 Infestation              Necr           0%         N/A       100%        8


Dungeon Overview and Level Annotations

Branches:
Dungeon (8/15) Zot: 25916  Temple (1/1) D:7 Zot: 5926
   Lair: D:8-11

Altars:
Ashenzari
Cheibriados
Dithmenos
Elyvilon
Fedhas
Gozag
Hepliaklqana
Kikubaaqudgha
Makhleb
Nemelex Xobeh
Okawaru
Qazlal
Ru
Sif Muna
Trog
Uskayaw
Vehumet
Wu Jian
Xom
Yredelemnul
Zin
The Shining One

Shops:
D:3 :   D:7 :=!=[*

Annotations:
D:8 Erica


Innate Abilities, Weirdness & Mutations

You are very small and have problems with some larger weapons.
You are too small for most types of armour.
You have supernaturally acute eyesight. (SInv)
You cover ground extremely quickly. (Speed+++)


Message History

You resist with almost no effort.
Fire: a) +0 shortbow
Press: ? - help, Q - select action, (/) - cycle Shift-Dir - straight line, f/p - Erica
Aim: Erica, wielding a +3 scimitar of flaming and wearing a +0 robe (heavily wounded, 69% to hit)
You shoot an arrow. The arrow hits Erica.
Erica is severely wounded.
Fire: a) +0 shortbow
Press: ? - help, Q - select action, (/) - cycle Shift-Dir - straight line, f/p - Erica
Aim: Erica, wielding a +3 scimitar of flaming and wearing a +0 robe (severely wounded, 69% to hit)
You shoot an arrow. The arrow hits Erica!
Erica is almost dead.
Your +3 mace of freezing glows with a cold blue light!
b - a +3 mace of freezing (weapon)
Erica completely misses you.
You hit Erica. You freeze Erica.
Erica is almost dead.
Erica closely misses you.
You barely miss Erica.
Erica is almost dead.
Erica casts a spell at you.
You are confused.
Erica hits you with a +3 scimitar of flaming!
Erica burns you.
You bump into the rock wall.
Erica gestures at you while chanting. The bolt of poison misses you.
You bump into the rock wall.
You bump into the rock wall.
Erica casts a spell at you. The lance of force hits you!
You are knocked back by the lance of force.
You slam into the rock wall!
* * * LOW HITPOINT WARNING * * *
You bump into the rock wall.
Erica completely misses you.
You hit Erica. You freeze Erica. You punch Erica.
Erica is almost dead.
You feel less confused.
Erica hits you with a +3 scimitar of flaming!
You die...
Your body glows with a rainbow of weird colours and disappears.

..#####........#.#.# )@#
#........#.#.# ..# #........#.#.#
..# #........#.#.# ..#
#........#.#.#
..#####........#.#.#
..@...@............#
..#####........#@################
..# #........#@................
..# #........##################
..# #........# #.†<.#....... ###
#........# #.####.######
########## #...........#
######.####.. #.# ### #.#
#.######


You could see Erica.

Vanquished Creatures
  Psyche (D:8)
  Prince Ribbit (D:7)
  3 yaks
  A vampire (D:8)
  A steam dragon (D:7)
  2 water moccasins (D:5)
  Duvessa (D:6)
  3 black bears
  2 orc warriors
  A sky beast (D:7)
  An ice beast (D:6)
  An ogre (D:5)
  3 bullfrogs
  2 necrophages
  A gnoll sergeant (D:5)
  5 scorpions
  5 wights (D:6)
  Dowan (D:6)
  4 killer bees
  2 howler monkeys (D:6)
  4 electric eels (D:7)
  A jelly (D:6)
  3 orc priests
  4 hounds
  Crazy Yiuf (D:7)
  4 iguanas
  Ijyb (D:5)
  3 orc wizards
  7 gnolls
  A river rat (D:5)
  5 adders
  A worm (D:2)
  5 dart slugs
  29 orcs
  3 bats (D:3)
  3 endoplasms
  3 giant cockroaches
  7 goblins
  6 hobgoblins
  3 quokkas
  6 ball pythons
  2 frilled lizards
  5 kobolds
  7 rats
155 creatures vanquished.

Vanquished Creatures (others)
  32 plants
32 creatures vanquished.

Grand Total: 187 creatures vanquished

Notes
Turn   | Place    | Note
-------+----------+-------------------------------------------
     0 | D:1      | Arcadio the Spriggan Hunter began the quest for the Orb.
     0 | D:1      | Reached XP level 1. HP: 10/10 MP: 2/2
   179 | D:1      | You fall into a shaft and drop 1 floor!
   188 | D:2      | Reached XP level 2. HP: 4/15 MP: 3/3
  1260 | D:2      | Identified the +1 scale mail of Quantum Leap {rPois Will+
                  | Int-5 Dex+10}
  1292 | D:2      | Reached XP level 3. HP: 18/18 MP: 4/4
  1801 | D:3      | Found Lidwan's Book Boutique.
  2076 | D:3      | Found a sparkling altar of Nemelex Xobeh.
  2084 | D:3      | Became a worshipper of Nemelex Xobeh the Trickster
  2190 | D:4      | Noticed a black bear
  2239 | D:4      | Killed a black bear
  2240 | D:4      | Reached skill level 5 in Ranged Weapons
  2240 | D:4      | Reached XP level 4. HP: 24/24 MP: 5/5
  2240 | D:4      | Reached XP level 5. HP: 28/28 MP: 6/6
  2281 | D:4      | Learned a level 3 spell: Ozocubu's Armour
  2584 | D:4      | Found a burning altar of Makhleb.
  2585 | D:4      | Found a stormy altar of Qazlal.
  2916 | D:5      | Entered Level 5 of the Dungeon
  2923 | D:5      | Reached * piety under Nemelex Xobeh
  2994 | D:5      | Received a gift from Nemelex Xobeh
  3028 | D:5      | Reached XP level 6. HP: 23/33 MP: 7/7
  3095 | D:5      | Found a sacrificial altar of Ru.
  3117 | D:5      | Reached skill level 6 in Ranged Weapons
  3137 | D:5      | Noticed a water moccasin
  3206 | D:5      | Noticed Ijyb
  3278 | D:5      | Noticed a water moccasin
  3386 | D:5      | Killed a water moccasin
  3799 | D:5      | Reached XP level 7. HP: 35/38 MP: 8/8
  3828 | D:5      | Killed Ijyb
  4444 | D:5      | Reached skill level 5 in Fighting
  4444 | D:5      | Reached skill level 7 in Ranged Weapons
  4959 | D:5      | Received a gift from Nemelex Xobeh
  5100 | D:5      | Reached XP level 8. HP: 12/44 MP: 9/9
  5682 | D:5      | Reached skill level 8 in Ranged Weapons
  5904 | D:6      | Reached ** piety under Nemelex Xobeh
  5977 | D:6      | Identified the +9 hand axe of the Fool {freeze, Contam
                  | rPois rF+ Dex+7}
  5979 | D:6      | Identified the +2 leather armour of the Loofah {Harm rF+
                  | rN+}
  6091 | D:6      | Received a gift from Nemelex Xobeh
  6196 | D:6      | Noticed Duvessa
  6196 | D:6      | Noticed Dowan
  6207 | D:6      | Killed Dowan
  6208 | D:6      | Reached skill level 9 in Ranged Weapons
  6725 | D:6      | Reached XP level 9. HP: 46/50 MP: 10/10
  7014 | D:6      | Killed Duvessa
  7449 | D:7      | Reached *** piety under Nemelex Xobeh
  7460 | D:7      | Found a hide-covered altar of Uskayaw.
  7460 | D:7      | Found an opulent altar of Gozag.
  7466 | D:7      | Found a radiant altar of Vehumet.
  7469 | D:7      | Found a white marble altar of Elyvilon.
  7471 | D:7      | Found a broken altar of Ashenzari.
  7476 | D:7      | Found a basalt altar of Yredelemnul.
  7572 | D:6      | Reached skill level 10 in Ranged Weapons
  8007 | D:7      | Found Aphud's Book Boutique.
  8040 | D:7      | Found Bopnyqos's Jewellery Boutique.
  8082 | D:7      | Found Ytugi's Jewellery Emporium.
  8086 | D:7      | Found a staircase to the Ecumenical Temple.
  8103 | D:7      | Found Cheibriados's Comfort Zone.
  8110 | Temple   | Entered the Ecumenical Temple
  8110 | Temple   | Noticed a smoke demon
  8110 | Temple   | Noticed an ice devil
  8110 | Temple   | Noticed a rust devil
  8111 | Temple   | Noticed Asephija the pandemonium lord
  8111 | Temple   | Noticed Fanaw the pandemonium lord
  8112 | Temple   | Noticed an orange demon
  8139 | Temple   | Noticed Jal Raco the pandemonium lord
  8140 | Temple   | Noticed a lorocyproca
  8159 | Temple   | Noticed Atiaptau the pandemonium lord
  8160 | Temple   | Noticed a green death
  8169 | Temple   | Noticed a soul eater
  8172 | Temple   | Noticed Afat the pandemonium lord
  8188 | Temple   | Noticed a red devil
  8189 | Temple   | Noticed Luozego the pandemonium lord
  8190 | Temple   | Noticed an Executioner
  8239 | D:7      | Found a snail-covered altar of Cheibriados.
  8299 | D:7      | Found Hoexze's General Store.
  8336 | D:7      | Bought a scroll of blinking for 90 gold pieces
  8342 | D:7      | Noticed Prince Ribbit
  8350 | D:7      | Killed Prince Ribbit
  8367 | D:7      | Found Wiogugil's Distillery.
  8377 | D:7      | Bought a potion of degeneration for 15 gold pieces
  8965 | D:7      | HP: 2/51 [something (18)]
  9454 | D:7      | Reached skill level 5 in Dodging
  9565 | D:7      | Found a runed translucent door.
  9566 | D:7      | Noticed Crazy Yiuf
 10512 | D:7      | Killed Crazy Yiuf
 10852 | D:8      | Received a gift from Nemelex Xobeh
 10956 | D:8      | Reached XP level 10. HP: 57/57 MP: 11/11
 11020 | D:8      | Noticed Psyche
 11037 | D:8      | Killed Psyche
 11296 | D:8      | Noticed Erica
 11848 | D:8      | Slain by Erica

Illustrated notes

Levels and vault maps discovered:
D:1:      mrwooster_arrival_statue, layout_basic, serial_shops, shop,
          chequers_ecumenical_altar_island
D:2:      layout_basic
D:3:      layout_rooms, mainiacjoe_overflow_chevrons, serial_shops,
          nicolae_shop_hallway_plus, minivault_24, nicolae_hexahallways,
          grunt_decor_mini_mirrors, minmay_strange_pillars,
          minmay_misc_feat_alley
D:4:      layout_loops_cross, nicolae_overflow_hidden_temple,
          serial_bayou_lagoon_a
D:5:      layout_basic, mainiacjoe_overflow_boulevard, gup_sewer_entry_spiral,
          feat_on_display, uniq_ijyb
D:6:      layout_basic, hangedman_decor_growths, minivault_10, uniq_duvessa
D:7:      layout_basic, nicolae_overflow_hallway_of_the_gods,
          minmay_temple_entry_drinking_statues, serial_shops,
          nicolae_shop_window_shopping, nicolae_shop_trees,
          nicolae_shop_waterfront, nicolae_shop_hallway_plus, shop,
          minmay_shop_chei, dreamdust_princess_bridge, kennysheep_boxes,
          uniq_prince_ribbit1, uniq_crazy_yiuf_cottage
D:8:      corexii_shack_village, layout_basic, nzn_life_drinkers, uniq_psyche,
          uniq_erica, uniq_grum
Temple:   nicolae_temple_panitentiary

Skill      XL: |  1  2  3  4  5  6  7  8  9 10 |
---------------+-------------------------------+-----
Fighting       | 2 3 4 5 7 8 |  8.5
Ranged Weapons | 5 6 7 9 10 | 10.8
Dodging        | 5 6 |  6.1
Stealth        | |  1.5

Action                   |  1- 3 |  4- 6 |  7- 9 | 10-12 || total
-------------------------+-------+-------+-------+-------++-------
Melee: Dagger            |       |     2 |    49 |       ||    51
       Punch             |       |       |     3 |     1 ||     4
       Mace              |       |       |    26 |     5 ||    31
 Fire: Shortbow          |   114 |    94 |   355 |    31 ||   594
Invok: Draw Destruction  |       |       |     5 |       ||     5
  Use: Scroll            |     6 |     3 |     7 |       ||    16
       Potion            |       |       |     1 |       ||     1
Armor: Robe              |       |       |     8 |       ||     8
Dodge: Dodged            |     9 |    14 |   160 |     5 ||   188
